TOP OF THE 1ST |
La Crosse Loggers batting - Pitching for Menlo Maniacs : RHP Jeff Davis
|
Pitching: RHP Jeff Davis
|
|
Batting: RHB Robert Acosta
|
0-0: SINGLE (Groundball, 56D) (infield hit)
|
Batting: RHB Paul Richard
|
0-0: Fly out, F4 (Popup, 4D)
|
Batting: LHB George Smith
|
0-0: Ball 1-0: Ball 2-0: Swinging Strike 2-1: Fly out, F8 (Flyball, 8LD)
|
Batting: RHB Danny Campbell
|
0-0: Called Strike 0-1: SINGLE (Flyball, 89S) Robert Acosta to second Runner from 2nd tries for 3rd, SAFE, throw made to third Danny Campbell to second
|
Batting: LHB Alex Henderson
|
0-0: Called Strike 0-1: Ball 1-1: Ball 2-1: Fly out, F9 (Flyball, 9D)
|
Top of the 1st over - 0 run(s), 2 hit(s), 0 error(s), 2 left on base; La Crosse 0 - Menlo 0 |
BOTTOM OF THE 1ST |
Menlo Maniacs batting - Pitching for La Crosse Loggers : RHP Chuck Plummer
|
Pitching: RHP Chuck Plummer
|
|
Batting: RHB Robert Downing
|
0-0: Ball 1-0: Swinging Strike 1-1: Ball 2-1: DOUBLE (Flyball, 89M)
|
Batting: LHB Jeff Tucker
|
0-0: Foul Ball, location: 2F 0-1: Ball 1-1: Ball 2-1: Foul Ball, location: 2F 2-2: Ball 3-2: Foul Ball, location: 2F 3-2: Reached on Error, E7 (Flyball, 78S) Robert Downing to third
|
Batting: LHB Arthur Hall
|
0-0: Swinging Strike 0-1: Swinging Strike 0-2: Fielders Choice at 2nd, 3-6 (Groundball, 3) Robert Downing scores
|
Batting: LHB Marcos Pérez
|
0-0: Ball 1-0: Called Strike Throwing error on steal attempt, E2 Arthur Hall to third 1-1: Ball 2-1: Ball 3-1: DOUBLE (Line Drive, 5D) Arthur Hall scores
|
Batting: RHB Steve Sampson
|
0-0: Ball 1-0: Foul Ball, location: 2F 1-1: Called Strike 1-2: SINGLE (Groundball, 34D) Marcos Pérez to third Runner from 3rd tries for Home, SAFE, no throw or cutoff
|
Batting: RHB Júlio Trinidad
|
0-0: Called Strike 0-1: Foul Ball, location: 2F 0-2: Ball 1-2: Fly out, F3 (Line Drive, 34)
|
Batting: RHB David Strickland
|
0-0: Fly out, F8 (Flyball, 8LM)
|
Bottom of the 1st over - 3 run(s), 3 hit(s), 2 error(s), 1 left on base; La Crosse 0 - Menlo 3 |
TOP OF THE 2ND |
La Crosse Loggers batting - Pitching for Menlo Maniacs : RHP Jeff Davis
|
Batting: RHB Dick Slagboom
|
0-0: Ball 1-0: Foul Ball, location: 2F 1-1: Ball 2-1: Ball 3-1: Fly out, F7 (Flyball, 7M)
|
Batting: RHB Vernon Romo
|
0-0: Ball 1-0: Called Strike 1-1: Called Strike 1-2: Ground out 6-3 (Groundball, 6)
|
Batting: LHB Ramón Córdova
|
0-0: Ground out 6-3 (Groundball, 6)
|
Top of the 2nd over - 0 run(s), 0 hit(s), 0 error(s), 0 left on base; La Crosse 0 - Menlo 3 |
BOTTOM OF THE 2ND |
Menlo Maniacs batting - Pitching for La Crosse Loggers : RHP Chuck Plummer
|
Batting: LHB Keith Green
|
0-0: Ball 1-0: Ball 2-0: Ball 3-0: Called Strike 3-1: Base on Balls
|
Batting: RHB Gilberto León
|
0-0: Grounds into double play, 6-4-3 (Groundball, 6M)
|
Batting: RHB Robert Downing
|
0-0: Foul Ball, location: 2F 0-1: Foul Ball, location: 2F 0-2: Ball 1-2: Strikes out swinging
|
Bottom of the 2nd over - 0 run(s), 0 hit(s), 0 error(s), 0 left on base; La Crosse 0 - Menlo 3 |
TOP OF THE 3RD |
La Crosse Loggers batting - Pitching for Menlo Maniacs : RHP Jeff Davis
|
Batting: RHB James Green
|
0-0: Ball 1-0: Ball 2-0: Swinging Strike 2-1: Ground out 1-3 (Groundball, 13)
|
Batting: RHB Robert Acosta
|
0-0: Ground out U3 (Groundball, 3L)
|
Batting: RHB Paul Richard
|
0-0: Called Strike 0-1: DOUBLE (Line Drive, 7D)
|
Batting: LHB George Smith
|
0-0: Ball 1-0: Ground out 1-3 (Groundball, 15S)
|
Top of the 3rd over - 0 run(s), 1 hit(s), 0 error(s), 1 left on base; La Crosse 0 - Menlo 3 |
BOTTOM OF THE 3RD |
Menlo Maniacs batting - Pitching for La Crosse Loggers : RHP Chuck Plummer
|
Batting: LHB Jeff Tucker
|
0-0: Ball 1-0: Ball 2-0: Ball 3-0: Called Strike 3-1: Swinging Strike 3-2: Foul Ball, location: 2F 3-2: Foul Ball, location: 2F 3-2: Foul Ball, location: 2F 3-2: Base on Balls
|
Batting: LHB Arthur Hall
|
0-0: Foul Ball, location: 2F 0-1: Ball 1-1: Foul Ball, location: 2F 1-2: Strikes out looking
|
Batting: LHB Marcos Pérez
|
0-0: Called Strike 0-1: Ball 1-1: Ball 2-1: Ball 3-1: Foul Ball, location: 2F 3-2: 2-RUN HOME RUN (Flyball, 7D), Distance : 378 ft
|
Batting: RHB Steve Sampson
|
0-0: Ball 1-0: Called Strike 1-1: Ball 2-1: Foul Ball, location: 2F 2-2: Ball 3-2: Base on Balls
|
Batting: RHB Júlio Trinidad
|
0-0: SINGLE (Groundball, 5L) Steve Sampson to second
|
Batting: RHB David Strickland
|
0-0: Called Strike 0-1: Ball 1-1: Called Strike 1-2: Ball 2-2: Strikes out looking
|
Batting: LHB Keith Green
|
0-0: Swinging Strike 0-1: Ball 1-1: Ball 2-1: Called Strike 2-2: Strikes out swinging
|
Bottom of the 3rd over - 2 run(s), 2 hit(s), 0 error(s), 2 left on base; La Crosse 0 - Menlo 5 |
TOP OF THE 4TH |
La Crosse Loggers batting - Pitching for Menlo Maniacs : RHP Jeff Davis
|
Batting: RHB Danny Campbell
|
0-0: SINGLE (Line Drive, 8LS)
|
Batting: LHB Alex Henderson
|
0-0: Ball 1-0: DOUBLE (Line Drive, 3L) Danny Campbell to third
|
Batting: RHB Dick Slagboom
|
0-0: Called Strike 0-1: Foul Ball, location: 2F 0-2: Ball 1-2: Ball 2-2: Ball 3-2: Foul Ball, location: 2F 3-2: Foul Ball, location: 2F 3-2: Foul Ball, location: 2F 3-2: Foul Ball, location: 2F 3-2: Fly out, F9 (Flyball, 89D) Runner from 3rd tags up, SCORES, no throw Alex Henderson to third
|
Batting: RHB Vernon Romo
|
0-0: Ball 1-0: Ground out 6-3 (Groundball, 6) Alex Henderson scores
|
Batting: LHB Ramón Córdova
|
0-0: Called Strike 0-1: Foul Ball, location: 2F 0-2: Ball 1-2: Strikes out swinging
|
Top of the 4th over - 2 run(s), 2 hit(s), 0 error(s), 0 left on base; La Crosse 2 - Menlo 5 |
BOTTOM OF THE 4TH |
Menlo Maniacs batting - Pitching for La Crosse Loggers : RHP Chuck Plummer
|
Batting: RHB Gilberto León
|
0-0: Ball 1-0: Ball 2-0: Called Strike 2-1: Fly out, F6 (Popup, 6)
|
Batting: RHB Robert Downing
|
0-0: Called Strike 0-1: Fly out, F8 (Line Drive, 8LD)
|
Batting: LHB Jeff Tucker
|
0-0: Fly out, F7 (Flyball, 78D)
|
Bottom of the 4th over - 0 run(s), 0 hit(s), 0 error(s), 0 left on base; La Crosse 2 - Menlo 5 |
TOP OF THE 5TH |
La Crosse Loggers batting - Pitching for Menlo Maniacs : RHP Jeff Davis
|
Batting: RHB James Green
|
0-0: Called Strike 0-1: Ball 1-1: Foul Ball, location: 2F 1-2: Foul Ball, location: 2F 1-2: Ball 2-2: Strikes out swinging
|
Batting: RHB Robert Acosta
|
0-0: Ball 1-0: Ground out 1-3 (Groundball, 23)
|
Batting: RHB Paul Richard
|
0-0: Ball 1-0: Called Strike 1-1: Swinging Strike 1-2: Ball 2-2: Strikes out swinging
|
Top of the 5th over - 0 run(s), 0 hit(s), 0 error(s), 0 left on base; La Crosse 2 - Menlo 5 |
BOTTOM OF THE 5TH |
Menlo Maniacs batting - Pitching for La Crosse Loggers : RHP Chuck Plummer
|
Pitching: RHP Tony López
|
|
Batting: LHB Arthur Hall
|
0-0: Called Strike 0-1: Ball 1-1: Ball 2-1: Foul Ball, location: 2F 2-2: Strikes out swinging
|
Batting: LHB Marcos Pérez
|
0-0: Called Strike 0-1: Ball 1-1: Called Strike 1-2: Ground out 6-3 (Groundball, 6M)
|
Batting: RHB Steve Sampson
|
0-0: Ball 1-0: Ball 2-0: Foul Ball, location: 2F 2-1: Ball 3-1: Base on Balls
|
Batting: RHB Júlio Trinidad
|
0-0: Foul Ball, location: 2F 0-1: Ball 1-1: Ball 2-1: Ground out 1-3 (Groundball, 13)
|
Bottom of the 5th over - 0 run(s), 0 hit(s), 0 error(s), 1 left on base; La Crosse 2 - Menlo 5 |
TOP OF THE 6TH |
La Crosse Loggers batting - Pitching for Menlo Maniacs : RHP Jeff Davis
|
Batting: LHB George Smith
|
0-0: Called Strike 0-1: Ball 1-1: Foul Ball, location: 2F 1-2: Ground out 5-3 (Groundball, 56S)
|
Batting: RHB Danny Campbell
|
0-0: Called Strike 0-1: Ball 1-1: Swinging Strike 1-2: Ball 2-2: DOUBLE (Line Drive, 89D)
|
Batting: LHB Alex Henderson
|
0-0: Ball Danny Campbell is caught stealing 3rd base 1-0: Ball 2-0: Ball 3-0: Called Strike 3-1: Fly out, F8 (Flyball, 8RXD)
|
Top of the 6th over - 0 run(s), 1 hit(s), 0 error(s), 0 left on base; La Crosse 2 - Menlo 5 |
BOTTOM OF THE 6TH |
Menlo Maniacs batting - Pitching for La Crosse Loggers : LHP Steve Alexander
|
Pitching: LHP Steve Alexander
|
|
Batting: RHB David Strickland
|
0-0: Foul Ball, location: 2F 0-1: Foul Ball, location: 2F 0-2: Ball 1-2: Strikes out swinging
|
Batting: LHB Keith Green
|
0-0: Ball 1-0: Swinging Strike 1-1: Foul Ball, location: 2F 1-2: Foul Ball, location: 2F 1-2: Ball 2-2: Ball 3-2: Base on Balls
|
Batting: RHB Gilberto León
|
0-0: Ball 1-0: Called Strike 1-1: Foul Ball, location: 2F 1-2: Foul Ball, location: 2F 1-2: Foul Ball, location: 2F 1-2: Foul Ball, location: 2F 1-2: Ball 2-2: DOUBLE (Line Drive, 4M) Keith Green to third Runner from 3rd tries for Home, SAFE, no throw or cutoff
|
Batting: RHB Robert Downing
|
0-0: Intentional Walk
|
Batting: LHB Jeff Tucker
|
0-0: Swinging Strike 0-1: Ball 1-1: Ball 2-1: Ball 3-1: Foul Ball, location: 2F 3-2: Fielders Choice at 2nd, 3-6 (Groundball, 3) Gilberto León to third
|
Batting: LHB Arthur Hall
|
0-0: Called Strike 0-1: Called Strike 0-2: Ball 1-2: Ball 2-2: Ground out 4-3 (Groundball, 4)
|
Bottom of the 6th over - 1 run(s), 1 hit(s), 0 error(s), 2 left on base; La Crosse 2 - Menlo 6 |
TOP OF THE 7TH |
La Crosse Loggers batting - Pitching for Menlo Maniacs : RHP Jeff Davis
|
Batting: RHB Dick Slagboom
|
0-0: Foul Ball, location: 2F 0-1: Foul Ball, location: 2F 0-2: Foul Ball, location: 2F 0-2: Ball 1-2: Ball 2-2: Ball 3-2: SINGLE (Groundball, 56D)
|
Batting: RHB Vernon Romo
|
0-0: Ball 1-0: Ball 2-0: Called Strike 2-1: Ball 3-1: Base on Balls Dick Slagboom to second
|
Batting: LHB Ramón Córdova
|
0-0: Foul Ball, location: 2F 0-1: Called Strike 0-2: Foul Ball, location: 2F 0-2: Ball 1-2: Foul Ball, location: 2F 1-2: Ball 2-2: Fielders Choice at 2nd, 6-4 (Groundball, 6) Dick Slagboom to third
|
Pitching: RHP Steve Poe
|
|
Batting: RHB James Green
|
0-0: Ball 1-0: Ball 2-0: TRIPLE (Flyball, 9LM) Dick Slagboom scores Ramón Córdova scores
|
Batting: RHB Robert Acosta
|
0-0: Called Strike 0-1: Ball 1-1: Ball 2-1: Foul Ball, location: 2F 2-2: Fly out, F2 (Popup, 2LF)
|
Batting: RHB Paul Richard
|
0-0: Ground out 5-3 (Groundball, 5S)
|
Top of the 7th over - 2 run(s), 2 hit(s), 0 error(s), 1 left on base; La Crosse 4 - Menlo 6 |
BOTTOM OF THE 7TH |
Menlo Maniacs batting - Pitching for La Crosse Loggers : LHP Steve Alexander
|
Batting: LHB Marcos Pérez
|
0-0: Ball 1-0: Swinging Strike 1-1: Ball 2-1: Foul Ball, location: 2F 2-2: Ball 3-2: Foul Ball, location: 2F 3-2: Base on Balls
|
Batting: RHB Steve Sampson
|
0-0: Swinging Strike 0-1: Ball 1-1: Called Strike 1-2: Ball 2-2: Ball 3-2: Foul Ball, location: 2F 3-2: Fly out, F9 (Flyball, 9S)
|
Batting: RHB Júlio Trinidad
|
0-0: Ball 1-0: Called Strike 1-1: Swinging Strike 1-2: Ball 2-2: Ball 3-2: Fly out, F8 (Flyball, 78D)
|
Pitching: LHP Marty Blasingame
|
|
Batting: RHB David Strickland
|
0-0: Ball 1-0: Ball 2-0: Fly out, F6 (Line Drive, 6)
|
Bottom of the 7th over - 0 run(s), 0 hit(s), 0 error(s), 1 left on base; La Crosse 4 - Menlo 6 |
TOP OF THE 8TH |
La Crosse Loggers batting - Pitching for Menlo Maniacs : RHP Steve Poe
|
Now in RF: José Martínez
|
|
Batting: LHB George Smith
|
0-0: SINGLE (Groundball, 56D)
|
Pitching: RHP David Bishop
|
|
Pinch Runner at 1st James Jenkins:
|
|
Batting: RHB Danny Campbell
|
0-0: Ball 1-0: Grounds into double play, 4-6-3 (Groundball, 34)
|
Batting: LHB Alex Henderson
|
0-0: Ball 1-0: Foul Ball, location: 2F 1-1: Ball 2-1: Called Strike 2-2: Ball 3-2: Foul Ball, location: 2F 3-2: Foul Ball, location: 2F 3-2: Foul Ball, location: 2F 3-2: SINGLE (Groundball, 34D)
|
Batting: RHB Dick Slagboom
|
0-0: Ball 1-0: Ball 2-0: Ground out 6-3 (Groundball, 6)
|
Top of the 8th over - 0 run(s), 2 hit(s), 0 error(s), 1 left on base; La Crosse 4 - Menlo 6 |
BOTTOM OF THE 8TH |
Menlo Maniacs batting - Pitching for La Crosse Loggers : LHP Marty Blasingame
|
Now in RF: Brock Miller
|
|
Batting: LHB Keith Green
|
0-0: Fly out, F6 (Line Drive, 6M)
|
Batting: RHB Gilberto León
|
0-0: DOUBLE (Line Drive, 7D)
|
Batting: RHB Robert Downing
|
0-0: Intentional Walk
|
Batting: LHB Jeff Tucker
|
0-0: Ball 1-0: Ball 2-0: Called Strike 2-1: Foul Ball, location: 2F 2-2: Foul Ball, location: 2F 2-2: Foul Ball, location: 2F 2-2: Foul Ball, location: 2F 2-2: Ball 3-2: Foul Ball, location: 2F 3-2: Fly out, F7 (Flyball, 7M)
|
Pinch Hitting: RHB Bob Campbell
|
0-0: Ball 1-0: Ball 2-0: Foul Ball, location: 2F 2-1: Swinging Strike 2-2: Strikes out looking
|
Bottom of the 8th over - 0 run(s), 1 hit(s), 0 error(s), 2 left on base; La Crosse 4 - Menlo 6 |
TOP OF THE 9TH |
La Crosse Loggers batting - Pitching for Menlo Maniacs : RHP David Bishop
|
Pitching: RHP James Jones
|
|
Now in CF: Bob Campbell
|
|
Batting: RHB Vernon Romo
|
0-0: Fly out, F7 (Flyball, 7M)
|
Batting: LHB Ramón Córdova
|
0-0: Called Strike 0-1: Foul Ball, location: 2F 0-2: Strikes out swinging
|
Batting: RHB James Green
|
0-0: Ball 1-0: Ball 2-0: Called Strike 2-1: Ball 3-1: Called Strike 3-2: Strikes out swinging
|
Top of the 9th over - 0 run(s), 0 hit(s), 0 error(s), 0 left on base; La Crosse 4 - Menlo 6 |
|